 Dungeon Crawl Stone Soup version 0.29.1-1-gd02db6906a (console) character file.

Game seed: 16419956718346292535

50047 om the Impaler (level 14, -1/159 HPs)
             Began as a Merfolk Berserker on Sept 29, 2022.
             Was a High Priest of Trog.
             Slain by a six-headed hydra (6 damage)
             ... on level 5 of the Lair of Beasts.
             The game lasted 00:49:01 (25339 turns).

om the Impaler (Merfolk Berserker)                 Turns: 25339, Time: 00:49:03

Health: -1/159     AC: 15    Str: 20    XL:     14   Next: 53%
Magic:  0/14       EV: 21    Int:  6    God:    Trog [*****.]
Gold:   1722       SH:  0    Dex: 18    Spells: 13/13 levels left

rFire   + + +      SeeInvis .   v - +2 trident (venom)
rCold   . . .      Faith    .   (no shield)
rNeg    . . .      Spirit   +   G - +0 acid dragon scales
rPois   .          Reflect  .   D - +1 helmet "Wousube" {rF+++ Will+++ Str-2 Dex-2}
rElec   .          Harm     .   t - +0 cloak
rCorr   +          Rampage  .   (no gloves)
Will    ++++.                   h - +1 pair of boots
Stlth   ..........              i - amulet of guardian spirit
HPRegen 0.36/turn               a - +6 ring of dexterity
MPRegen 0.14/turn               (no ring)

@: berserking, very quick
A: (nimble swimmer 2), mertail
a: Renounce Religion, Berserk, Trog's Hand, Brothers in Arms


You were on level 5 of the Lair of Beasts.
You worshipped Trog.
Trog was extremely pleased with you.
You visited 3 branches of the dungeon, and saw 20 of its levels.
You also visited: Ossuary.

You collected 2122 gold pieces.
You spent 400 gold pieces at shops.

Inventory:

Hand Weapons
 d - a +1 vampiric halberd
 e - the +8 lajatang of Trog's Inspiration {vorpal, rN++ Stlth-}
   (Trog gifted it to you on level 1 of the Orcish Mines)

   It inflicts extra damage upon your enemies.
   rN:        It greatly protects you from negative energy.
   Stlth:     It makes you less stealthy.
 l - a +3 antimagic bardiche
 n - a +2 glaive of protection
 v - a +2 trident of venom (weapon)
 y - a +1 spear of flaming
 O - a +0 dagger of chaos
Missiles
 B - a throwing net (quivered)
Armour
 f - a +3 leather armour of cold resistance
 h - a +1 pair of boots (worn)
 t - a +0 cloak (worn)
 D - the +1 helmet "Wousube" (worn) {rF+++ Will+++ Str-2 Dex-2}
   (You found it on level 9 of the Dungeon)

   Str:       It affects your strength (-2).
   Dex:       It affects your dexterity (-2).
   rF:        It renders you almost immune to fire.
   Will:      It greatly increases your willpower.
 G - +0 acid dragon scales (worn)
Jewellery
 a - a +6 ring of dexterity (left hand)
 i - an amulet of guardian spirit (around neck)
Wands
 g - a wand of light (3)
 m - a wand of charming (18)
 E - a wand of flame (10)
 F - a wand of roots (15)
 M - a wand of digging (11)
Scrolls
 k - 13 scrolls of teleportation
 o - a scroll of fear
 p - 2 scrolls of butterflies
 A - 2 scrolls of magic mapping
 H - a scroll of acquirement
 I - a scroll of blinking
 K - a scroll of enchant weapon
Potions
 b - 7 potions of might
 c - 9 potions of curing
 j - 3 potions of berserk rage
 q - 6 potions of lignification
 s - 3 potions of flight
 u - 3 potions of ambrosia
 x - 2 potions of cancellation
 z - 3 potions of attraction
 J - a potion of haste


   Skills:
 + Level 8.7 Fighting
 + Level 20.3 Polearms
 + Level 10.2 Armour
 + Level 15.4 Dodging
 - Level 5.0 Evocations


You had 13 spell levels left.
You didn't know any spells.
Your spell library was empty.

Dungeon Overview and Level Annotations

Branches:
Dungeon (13/15)            Temple (0/1) D:5            Lair (5/5) D:8
  Swamp (0/4) Lair:2        Snake (0/4) Lair:3        Slime (0/5) Lair:4
    Orc (2/2) D:10            Elf (0/3) Orc:2       Ossuary (visited)
 Vaults: D:13-14

Altars:
Ashenzari
Cheibriados
Dithmenos
Elyvilon
Fedhas
Gozag
Hepliaklqana
Makhleb
Nemelex Xobeh
Okawaru
Qazlal
Ru
Sif Muna
Uskayaw
Vehumet
Yredelemnul
Zin
The Shining One

Shops:
D:5 :   D:9 :   D:10 (   D:11 [   Orc:2 (?![

Annotations:
Orc:1 1 transporter, groovy9's ghost, journeyman FoHu


Innate Abilities, Weirdness & Mutations

((You are very nimble when in or above water. (Stealth+, EV+, Speed+++)))
Your lower body shifts to a powerful aquatic tail in water.


Message History

The dire elephant tramples you!
You hold your ground!
The dire elephant trunk-slaps you but does no damage.
You slash the dire elephant!
The dire elephant is almost dead.
The dire elephant tramples you!!
* * * LOW HITPOINT WARNING * * *
You hold your ground!
The dire elephant trunk-slaps you!
* * * LOW HITPOINT WARNING * * *
You slice the dire elephant!!
You kill the dire elephant!
Trog accepts your kill.
You feel magic returning to you.
Your +2 trident of venom begins to drip with poison!
v - a +2 trident of venom (weapon)
You puncture the six-headed hydra!
The six-headed hydra looks as sick as possible!
The six-headed hydra is lightly wounded.
You puncture the six-headed hydra!
The six-headed hydra is moderately wounded.
The six-headed hydra bites you.
* * * LOW HITPOINT WARNING * * *
The six-headed hydra bites you!
* * * LOW HITPOINT WARNING * * *
The six-headed hydra barely misses you. The six-headed hydra bites you!
* * * LOW HITPOINT WARNING * * *
The six-headed hydra barely misses you. x2
You puncture the six-headed hydra!
The six-headed hydra looks as sick as possible!
The six-headed hydra is heavily wounded.
Unknown command.
You puncture the six-headed hydra!
The six-headed hydra is severely wounded.
You puncture the six-headed hydra!
The six-headed hydra is almost dead.
The six-headed hydra bites you but does no damage.
The six-headed hydra bites you.
* * * LOW HITPOINT WARNING * * *
The six-headed hydra completely misses you.
The six-headed hydra bites you.
You die...

######### #.P.#...#.
♣♣♣.........
♣♣♣♣...........
♣♣♣.♣............
♣♣♣..♣†............
♣♣♣D@♣♣♣♣♣..†........
♣..♣♣♣ ♣...........
♣..♣♣ ♣...........
♣..♣ ♣♣♣..........
♣.. ♣..........<. ♣..
♣♣........... ♣..♣
♣.....#...... ♣..♣
♣...###..#### ..♣
♣♣♣.#....# #


You could see a six-headed hydra (extremely poisoned).

Vanquished Creatures
  A dire elephant (Lair:5)
  3 hydras
  Erolcha (D:9)
  A centaur warrior (D:12)
  3 boulder beetles
  2 two-headed ogres
  4 death yaks (Lair:1)
  3 orc high priests (Orc:2)
  10 orc knights
  2 orc sorcerers (Orc:2)
  An oklob plant (Lair:4)
  3 ugly things
  3 cyclopes
  A manticore (D:12)
  4 black mambas
  10 elephants
  6 cane toads
  2 gargoyles
  A kobold demonologist (D:12)
  A rime drake (Lair:4)
  Psyche (D:12)
  4 komodo dragons
  2 trolls
  4 polar bears
  A hornet (D:9)
  5 slime creatures (D:12)
  Grinder (D:3)
  Prince Ribbit (D:9)
  2 dream sheep (Lair:3)
  8 blink frogs
  2 vampires
  4 wraiths
  Sigmund (D:3)
  14 yaks
  Eustachio (D:4)
  A steam dragon (D:8)
  12 vampire mosquitoes
  Edmund (D:4)
  A naga (Lair:3)
  3 acid dragons
  13 water moccasins
  A hell hound (Lair:5)
  39 orc warriors
  An ice beast (D:7)
  2 sky beasts (D:7)
  4 black bears
  The ghost of groovy9 the Chopper, an amateur MiFi (D:3)
  7 ogres
  4 wolves (Lair:1)
  8 centaurs
  A phantom (D:5)
  3 kobold brigands
  2 gnoll sergeants (D:8)
  8 bullfrogs
  2 water moccasin zombies (Ossuary)
  A necrophage (D:6)
  3 scorpions
  13 wights
  15 killer bees
  An electric eel (Lair:2)
  3 howler monkeys
  5 hounds
  2 jellies
  12 orc priests
  A gnoll bouda (Orc:1)
  19 orc wizards
  3 iguanas
  4 hell rats (Lair:4)
  3 mummies
  19 gnolls
  6 adders
  2 shadow imps (D:7)
  3 white imps
  2 ufetubi
  6 adder zombies (Ossuary)
  3 dart slugs
  A worm (D:4)
  70 orcs
  3 bats
  8 endoplasms
  2 giant cockroaches (D:2)
  6 gnoll zombies (Ossuary)
  9 goblins
  6 hobgoblins
  7 jackals
  A quokka (D:4)
  5 ball pythons
  8 frilled lizards
  A goblin zombie (D:7)
  11 hobgoblin zombies (Ossuary)
  10 kobolds
  4 kobold zombies
  5 orc zombies (Ossuary)
  8 rats
518 creatures vanquished.

Vanquished Creatures (collateral kills)
  An orc sorcerer (Orc:2)
  A troll (D:12)
  A warg (D:12)
  An orc warrior (D:12)
  2 orc priests (Orc:2)
  An orc (D:12)
7 creatures vanquished.

Vanquished Creatures (others)
  A bush (Lair:5)
  55 fungi
  99 plants
155 creatures vanquished.

Grand Total: 680 creatures vanquished

Notes
Turn   | Place    | Note
-------+----------+-------------------------------------------
     0 | D:1      | om the Merfolk Berserker began the quest for the Orb.
     0 | D:1      | Reached XP level 1. HP: 18/18 MP: 1/1
   159 | D:1      | Reached XP level 2. HP: 10/24 MP: 2/2
  1144 | D:1      | Reached XP level 3. HP: 24/29 MP: 3/3
  1475 | D:2      | Found a faded altar of an unknown god.
  1527 | D:2      | Reached ** piety under Trog
  2166 | D:3      | Reached XP level 4. HP: 23/37 MP: 4/4
  2360 | D:3      | Noticed Grinder
  2379 | D:3      | Killed Grinder
  2380 | D:3      | Reached skill level 5 in Polearms
  2380 | D:3      | Reached XP level 5. HP: 43/43 MP: 5/5
  2380 | D:3      | Reached XP level 6. HP: 49/49 MP: 6/6
  2739 | D:3      | Noticed Sigmund
  2750 | D:3      | Killed Sigmund
  2751 | D:3      | Reached skill level 5 in Fighting
  2751 | D:3      | Reached skill level 6 in Polearms
  2751 | D:3      | Reached skill level 5 in Dodging
  2751 | D:3      | Reached XP level 7. HP: 56/56 MP: 7/7
  2751 | D:3      | Found a runed translucent door.
  2757 | D:3      | Noticed groovy9's ghost (amateur MiFi)
  3604 | D:4      | Noticed Edmund
  3611 | D:4      | Killed Edmund
  3612 | D:4      | Reached skill level 7 in Polearms
  3665 | D:4      | Noticed Eustachio
  3682 | D:4      | Killed Eustachio
  3683 | D:4      | Reached XP level 8. HP: 54/62 MP: 8/8
  3886 | D:4      | Reached skill level 8 in Polearms
  4161 | D:5      | Entered Level 5 of the Dungeon
  4321 | D:5      | Found a snail-covered altar of Cheibriados.
  4326 | D:5      | Found Idaf's Book Shop.
  4478 | D:5      | Found a staircase to the Ecumenical Temple.
  4537 | D:5      | Reached skill level 9 in Polearms
  4537 | D:5      | Reached skill level 5 in Armour
  4865 | D:5      | Reached *** piety under Trog
  4997 | D:5      | Found a basalt altar of Yredelemnul.
  5045 | D:5      | Reached skill level 1 in Evocations
  5142 | D:5      | Reached skill level 10 in Polearms
  5408 | D:6      | Reached XP level 9. HP: 68/68 MP: 9/9
  5666 | D:6      | Reached skill level 11 in Polearms
  6230 | D:7      | Found a sand-covered staircase.
  6231 | D:7      | Reached **** piety under Trog
  6235 | Ossuary  | Entered an ossuary
  6612 | D:7      | Reached ***** piety under Trog
  6633 | D:7      | Noticed a troll
  6654 | D:7      | Killed a troll
  6655 | D:7      | Reached skill level 12 in Polearms
  6655 | D:7      | Reached XP level 10. HP: 74/74 MP: 5/10
  6798 | D:7      | Found a broken altar of Ashenzari.
  7374 | D:8      | Noticed a two-headed ogre
  7388 | D:8      | Killed a two-headed ogre
  7414 | D:8      | Reached skill level 5 in Evocations
  7538 | D:8      | Reached skill level 13 in Polearms
  7943 | D:8      | Found a staircase to the Lair.
  7986 | D:8      | Received a gift from Trog
  8493 | D:8      | Found a white marble altar of Elyvilon.
  8493 | D:8      | Found a glowing silver altar of Zin.
  8494 | D:8      | Found a glowing golden altar of the Shining One.
  8503 | D:8      | Found a sacrificial altar of Ru.
  8503 | D:8      | Found an iron altar of Okawaru.
  8526 | D:8      | Noticed a cyclops
  8533 | D:8      | Killed a cyclops
  8679 | D:8      | Reached skill level 14 in Polearms
  8793 | D:9      | Identified the +1 helmet "Wousube" {rF+++ Will+++ Str-2
                  | Dex-2}
  9347 | D:9      | Reached XP level 11. HP: 79/79 MP: 11/11
  9466 | D:9      | Noticed Erolcha
  9532 | D:10     | Entered Level 10 of the Dungeon
  9807 | D:10     | Identified a scroll of acquirement
 10032 | D:10     | Noticed a two-headed ogre
 10042 | D:10     | Killed a two-headed ogre
 10075 | D:10     | Reached skill level 15 in Polearms
 10270 | D:10     | Found a staircase to the Orcish Mines.
 10272 | D:10     | Found Qepyful's Weapon Shop.
 10762 | D:10     | Found a shadowy altar of Dithmenos.
 10765 | D:10     | Found a stormy altar of Qazlal.
 10766 | D:10     | Found a hazy altar of Hepliaklqana.
 10772 | D:10     | Found a sparkling altar of Nemelex Xobeh.
 10775 | D:10     | Found an opulent altar of Gozag.
 10779 | D:10     | Found a burning altar of Makhleb.
 10782 | D:10     | Found a radiant altar of Vehumet.
 10783 | D:10     | Found a shimmering blue altar of Sif Muna.
 11086 | D:11     | Noticed a cyan ugly thing
 11093 | D:11     | Killed a cyan ugly thing
 11112 | D:11     | Reached skill level 16 in Polearms
 11198 | D:11     | Found Jaquanaec's Armour Emporium.
 11218 | D:11     | Noticed a cyclops
 11222 | D:11     | Killed a cyclops
 11255 | D:11     | Noticed a cyan ugly thing
 11268 | D:11     | Killed a cyan ugly thing
 11536 | D:12     | Noticed a boulder beetle
 11552 | D:12     | Killed a boulder beetle
 11809 | D:12     | Reached skill level 17 in Polearms
 12168 | D:12     | Reached XP level 12. HP: 49/86 MP: 5/12
 12369 | D:12     | Noticed a six-headed hydra
 12379 | D:12     | Killed a six-headed hydra
 12380 | D:12     | Reached skill level 18 in Polearms
 12928 | D:12     | Noticed Psyche
 12937 | D:12     | Killed Psyche
 13082 | D:12     | HP: 6/133 [troll[an orc knight] (7)]
 13124 | D:12     | Reached skill level 10 in Dodging
 13343 | D:12     | Noticed a centaur warrior
 13361 | D:12     | Killed a centaur warrior
 13688 | Lair:1   | Entered Level 1 of the Lair of Beasts
 13865 | Lair:1   | Noticed a death yak
 13867 | Lair:1   | Noticed a death yak
 13867 | Lair:1   | Noticed a death yak
 13869 | Lair:1   | Noticed a death yak
 13876 | Lair:1   | Killed a death yak
 13885 | Lair:1   | Killed a death yak
 13892 | Lair:1   | Killed a death yak
 13901 | Lair:1   | Killed a death yak
 14361 | Lair:1   | Reached XP level 13. HP: 92/98 MP: 11/13
 14877 | Lair:2   | Found a staircase to the Swamp.
 15030 | Lair:2   | Reached skill level 10 in Armour
 15731 | Lair:3   | Found a hide-covered altar of Uskayaw.
 16261 | Orc:1    | Entered Level 1 of the Orcish Mines
 16431 | Orc:1    | Identified the +10 giant club "Undertaker" {drain, rElec
                  | rPois rCorr MP+9}
 16431 | Orc:1    | Identified the +12 great mace of Deckecoe {holy, Dex+6}
 16431 | Orc:1    | Noticed an ettin
 16433 | Orc:1    | Noticed groovy9's ghost (journeyman FoHu)
 16434 | Orc:1    | Found a transporter.
 16709 | Orc:1    | Identified the +8 lajatang of Trog's Inspiration {vorpal,
                  | rN++ Stlth-} (Trog gifted it to you on level 1 of the
                  | Orcish Mines)
 16709 | Orc:1    | Received a gift from Trog
 18284 | Orc:2    | Entered Level 2 of the Orcish Mines
 18658 | Orc:2    | Reached skill level 19 in Polearms
 20705 | Orc:2    | Found Atuitola's Weapon Shoppe.
 20705 | Orc:2    | Found Geliunka's Armour Boutique.
 21051 | Orc:2    | Found Foufiqan's Distillery.
 21051 | Orc:2    | Found Kuothedu's Magic Scroll Shoppe.
 21059 | Orc:2    | Bought a potion of berserk rage for 65 gold pieces
 21059 | Orc:2    | Bought a potion of attraction for 39 gold pieces
 21059 | Orc:2    | Bought 2 potions of ambrosia for 208 gold pieces
 21060 | Orc:2    | Bought a scroll of butterflies for 44 gold pieces
 21060 | Orc:2    | Bought a scroll of fear for 44 gold pieces
 21216 | Orc:2    | Found a staircase to the Elven Halls.
 21570 | D:3      | Killed groovy9's ghost
 21753 | D:9      | Noticed Prince Ribbit
 21758 | D:9      | Killed Prince Ribbit
 21776 | D:9      | Reached XP level 14. HP: 45/105 MP: 7/14
 22022 | D:9      | Killed Erolcha
 22134 | D:9      | Reached skill level 20 in Polearms
 22239 | D:9      | Found Utudevih's Tremendous Tomes.
 22496 | Lair:3   | Found a staircase to the Snake Pit.
 22594 | Lair:3   | Received a gift from Trog
 23134 | Lair:4   | Found a staircase to the Slime Pits.
 23425 | Lair:4   | Reached skill level 15 in Dodging
 24305 | Lair:4   | Found a blossoming altar of Fedhas.
 24327 | Lair:4   | You fall into a shaft and drop 1 floor!
 24327 | Lair:5   | Entered Level 5 of the Lair of Beasts
 25311 | Lair:5   | Noticed a dire elephant
 25333 | Lair:5   | Killed a dire elephant
 25339 | Lair:5   | HP: 5/159 [six-headed hydra (6)]
 25339 | Lair:5   | Slain by a six-headed hydra

Illustrated notes

Levels and vault maps discovered:
D:1:      lightli_arrival_chessboard, layout_loops_corners
D:2:      layout_rooms, shapermc_ecumenical_altar_ellora
D:3:      layout_rooms, ebering_ghost_inner_flame, uniq_sigmund, uniq_grinder
D:4:      cheibrodos_quashed, layout_loops_corners, uniq_eustachio, uniq_edmund
D:5:      layout_loops_corners, overflow_temple_1_default, marbit_many_paths,
          minmay_temple_entry_crystal_x, serial_shops, shop,
          hangedman_decor_diamond_cutter
D:6:      layout_cave_pools
D:7:      layout_cave_pods, ashenzari_altar_1, nicolae_ossuary_entry_giza,
          st_stairs_3
D:8:      layout_loops_ring, good_gods_mini_temple,
          gammafunk_temple_overflow_statue, due_lair_maze_entry_diamond
D:9:      layout_loops_cross, nicolae_shop_i_like_big_books,
          uniq_prince_ribbit1, uniq_erolcha
D:10:     layout_loops_ring, nicolae_overflow_hallway_of_the_gods, orc_david_3,
          chequers_jeans
D:11:     layout_rooms, serial_shops, nicolae_shop_hallway_stairs
D:12:     layout_small_grid, moated_statue, uniq_psyche
D:13:     layout_gridville, skrybe_vaults_entry_preservation,
          onia_ninara_cookie, uniq_rupert, uniq_josephine, uniq_frances
Lair:1:   layout_loops_ring, lemuel_fruit_tree
Lair:2:   layout_regular_city, minmay_swamp_entry_swarm, serial_forest,
          infiniplex_forest_lined_corner, infiniplex_forest_split,
          infiniplex_forest_clump_large, infiniplex_forest_lined_room_2,
          infiniplex_forest_clump_curved, infiniplex_forest_zigzag_1,
          infiniplex_forest_zigzag_1, infiniplex_forest_clump_C,
          infiniplex_forest_clump_medium, infiniplex_forest_clump_small,
          chequers_serial_rivers_room_a, grunt_megastairs_2, lemuel_fruit_fields
Lair:3:   layout_regular_city, guppyfry_snake_entry_garden, basic_altar
Lair:4:   layout_misc_corridors, slime_entry_1, ldierk_geyser, tgw_fedhas,
          grunt_megastairs_4
Lair:5:   evil_forest, layout_small_grid, gammafunk_ghost_arena,
          cheibrodos_lair_lostbears, infiniplex_staircase_pool
Orc:1:    layout_caves, basic_altar, special_room [special_room_orc],
          gammafunk_ghost_smash
Orc:2:    grunt_orc_tribal_feast, layout_caves

Skill      XL: |  1  2  3  4  5  6  7  8  9 10 11 12 13 14 |
---------------+-------------------------------------------+-----
Dodging        | 3 4 5 7 8 10 13 15 | 15.4
Fighting       | 4 5 8 |  8.7
Polearms       | 5 6 7 10 12 14 17 18 19 20 | 20.3
Armour         | 2 3 4 5 6 7 8 9 10 | 10.2
Evocations     | 1 3 5 |  5.0

Action                   |  1- 3 |  4- 6 |  7- 9 | 10-12 | 13-15 || total
-------------------------+-------+-------+-------+-------+-------++-------
Melee: Spear             |   133 |    48 |     8 |       |       ||   189
       Punch             |       |     1 |       |     1 |       ||     2
       Glaive            |       |       |   215 |   393 |   200 ||   808
       Halberd           |       |       |   115 |   179 |       ||   294
       Trident           |       |       |       |    76 |    44 ||   120
       Lajatang          |       |       |       |       |   340 ||   340
       Bardiche          |       |       |       |       |   191 ||   191
Invok: Berserk           |     2 |     2 |     2 |    11 |    11 ||    28
       Trog's Hand       |       |     1 |       |       |       ||     1
       Brothers in Arms  |       |       |       |     1 |     2 ||     3
Evoke: Wand              |       |       |     3 |     2 |     1 ||     6
  Use: Scroll            |     3 |     3 |     3 |     5 |    11 ||    25
       Potion            |       |       |       |     8 |     3 ||    11
 Stab: Sleeping          |     4 |       |     8 |     4 |       ||    16
       Invisible         |       |       |     5 |     1 |       ||     6
Armor: Animal skin       |    15 |     9 |    20 |       |       ||    44
       Leather armour    |       |       |    89 |    66 |       ||   155
       Acid dragon scale |       |       |       |   153 |   237 ||   390
Dodge: Dodged            |    62 |    37 |   220 |   490 |   740 ||  1549
